[Event "January 2 Early 2024"]
[Site "https://www.chess.com"]
[Date "2024.01.02"]
[Round "6"]
[White "Zou, Chen"]
[Black "Aravindh, Chithambaram VR."]
[Result "1-0"]
[Board "26"]
[TimeControl "180+1"]
[WhiteFideId "8610959"]
[BlackFideId "5072786"]
[WhiteElo "2758"]
[BlackElo "2927"]
[WhiteTeam "CHN"]
[BlackTeam "IND"]
[WhiteClock "0:00:15"]
[BlackClock "0:00:00"]

1. e4 Nf6 2. e5 Nd5 3. d4 d6 4. Nf3 dxe5 5. Nxe5 c6 6. Be2 Bf5 7. O-O Nd7 8. Nf3 e6 9. c4 N5f6 10. Nc3 Bd6 11. Nh4 Bg6 12. g3 O-O 13. Nxg6 hxg6 14. Be3 Re8 15. Bf3 Qc7 16. Bg2 e5 17. d5 e4 18. dxc6 bxc6 19. Qc2 Bc5 20. Rfe1 Bb4 21. Bf4 Qa5 22. Bd2 Bxc3 23. Bxc3 Qf5 24. Re2 Re6 25. Rae1 Rae8 26. Kh1 g5 27. f3 Nc5 28. fxe4 Nfxe4 29. Kg1 Nxg3 30. Qxf5 Nxf5 31. Rxe6 Nxe6 32. Bxc6 Rc8 33. Bd7 Rxc4 34. Rxe6 Rg4+ 35. Kh1 fxe6 36. Bxe6+ Kf8 37. Bxf5 Rf4 38. Bd3 Rf3 39. Bc4 Rf4 40. Bb3 Ke7 41. Kg1 Kd6 42. Bxg7 Rg4+ 43. Kf2 Rh4 44. Kg3 Re4 45. Bc3 Kc5 46. a3 Kb5 47. Bd1 a5 48. Bg4 Re3+ 49. Kg2 a4 50. h3 Kc4 51. Kf2 Re8 52. Kf3 Kb3 53. Bf5 Rf8 54. Kg4 Rd8 55. Kxg5 Rc8 56. h4 Rg8+ 57. Bg6 Ka2 58. h5 Rb8 59. h6 1-0

[Event "January 2 Early 2024"]
[Site "https://www.chess.com"]
[Date "2024.01.02"]
[Round "6"]
[White "Vaibhav Jayant Raut"]
[Black "Klimkowski, Jan"]
[Result "0-1"]
[Board "27"]
[TimeControl "180+1"]
[WhiteFideId "5089034"]
[BlackFideId "21856222"]
[WhiteElo "2749"]
[BlackElo "2919"]
[WhiteTeam "IND"]
[BlackTeam "POL"]
[WhiteClock "0:01:36"]
[BlackClock "0:02:13"]

1. e4 c5 2. Nf3 d6 3. b3 Nf6 4. Nc3 g6 5. Bb2 Bg7 6. g3 Nxe4 7. Bg2 Nxc3 8. Bxc3 e5 9. Qe2 Nc6 10. d3 O-O 11. O-O-O a5 12. h4 e4 13. Bxg7 exf3 14. Qxf3 Kxg7 15. h5 Qg5+ 16. Kb1 Bf5 17. h6+ Kg8 18. Qd5 Qf6 19. Rh4 Qe5 20. Qc4 a4 21. g4 axb3 22. cxb3 Be6 23. Qb5 Qe2 0-1

[Event "January 2 Early 2024"]
[Site "https://www.chess.com"]
[Date "2024.01.02"]
[Round "6"]
[White "Ibarra Jerez, Jose Carlos"]
[Black "Domingo Nunez, Alejandro"]
[Result "1-0"]
[Board "28"]
[TimeControl "180+1"]
[WhiteFideId "2226332"]
[BlackFideId "22245561"]
[WhiteElo "2918"]
[BlackElo "2672"]
[WhiteTeam "ESP"]
[BlackTeam "ESP"]
[WhiteClock "0:00:08"]
[BlackClock "0:00:03"]

1. e4 g6 2. d4 Bg7 3. Nc3 c6 4. Nf3 d5 5. Bf4 dxe4 6. Nxe4 Nf6 7. Nxf6+ exf6 8. Be2 O-O 9. O-O Re8 10. c4 Bf5 11. Qd2 Nd7 12. Rfd1 Be4 13. d5 Nb6 14. d6 c5 15. b4 f5 16. bxc5 Nd7 17. Rac1 Rc8 18. Ng5 Bc6 19. Be3 Ba4 20. Qd5 Qf6 21. Nf3 Rxe3 22. fxe3 Bc6 23. Qd2 Bh6 24. Rc3 Re8 25. Kh1 Bg7 26. Ra3 Nxc5 27. Nd4 Ne4 28. Qe1 Qxd6 29. Rxa7 Qc5 30. Ra5 Qb6 31. Nxc6 bxc6 32. Ra3 Bh6 33. Rb3 Qc5 34. Bf3 Nf6 35. Qb4 Qe5 36. Qd6 c5 37. Qxe5 Rxe5 38. Rdd3 f4 39. e4 g5 40. h3 Nxe4 41. Bxe4 Rxe4 42. a4 Rxc4 43. Ra3 Bg7 44. a5 Be5 45. Rd1 Bc7 46. a6 Bb6 47. a7 Bxa7 48. Rxa7 f3 49. gxf3 Rf4 50. Kg2 c4 51. Rd5 Kg7 52. Rxg5+ 1-0

[Event "January 2 Early 2024"]
[Site "https://www.chess.com"]
[Date "2024.01.02"]
[Round "6"]
[White "Volkov, Maksim"]
[Black "Vasquez Schroeder, Rodrigo"]
[Result "0-1"]
[Board "29"]
[TimeControl "180+1"]
[WhiteFideId "54123070"]
[BlackFideId "3400042"]
[WhiteElo "2650"]
[BlackElo "2916"]
[WhiteTeam "RUS"]
[BlackTeam "CHI"]
[WhiteClock "0:00:00"]
[BlackClock "0:00:41"]

1. d4 Nf6 2. c4 e6 3. g3 c5 4. d5 exd5 5. cxd5 d6 6. Nc3 g6 7. Bg2 Bg7 8. Nf3 O-O 9. O-O Re8 10. Bf4 h6 11. Re1 g5 12. Bd2 Bf5 13. h4 g4 14. Nh2 Bg6 15. Nf1 Nbd7 16. Qc1 Kh7 17. Bf4 Ne5 18. Ne3 Qd7 19. a4 b6 20. Kh2 Nh5 21. Bxe5 Bxe5 22. Nc4 Qe7 23. Nxe5 Qxe5 24. Ra3 f5 25. Nb5 Qe7 26. Re3 Qf6 27. Rxe8 Bxe8 28. Nc7 Rc8 29. Ne6 Bf7 30. Nf4 Nxf4 31. Qxf4 Qe5 32. Qxe5 dxe5 33. e4 Kg6 34. exf5+ Kxf5 35. Be4+ Kf6 36. Rd1 Rd8 37. d6 Be8 38. a5 Ke6 39. Bd5+ Kf5 40. Bb3 Bc6 41. axb6 axb6 42. Bc2+ Kf6 43. Bb3 e4 44. Kg1 Ke5 45. Ra1 Rxd6 46. Ra6 Bb5 47. Ra7 Be2 48. Re7+ Kd4 49. Bc2 Bf3 50. Kf1 b5 51. Ke1 Kc4 0-1

[Event "January 2 Early 2024"]
[Site "https://www.chess.com"]
[Date "2024.01.02"]
[Round "6"]
[White "Pranav Anand"]
[Black "Coca Cubillos, Jesus Alberto"]
[Result "1-0"]
[Board "30"]
[TimeControl "180+1"]
[WhiteFideId "46626786"]
[BlackFideId "4462912"]
[WhiteElo "2916"]
[BlackElo "2557"]
[WhiteTeam "IND"]
[BlackTeam "COL"]
[WhiteClock "0:01:38"]
[BlackClock "0:01:59"]

1. e4 g6 2. h4 Bg7 3. h5 d6 4. d4 Nc6 5. c3 e5 6. h6 Bf6 7. d5 Nb8 8. c4 Ne7 9. Nc3 O-O 10. Be3 a6 11. Qd2 Nd7 12. Nh3 b6 13. f3 Nc5 14. b4 Nd7 15. Nf2 Kh8 16. Ng4 Ng8 17. Nxf6 Ndxf6 18. g4 Ne8 19. Be2 Bd7 20. a3 c5 21. dxc6 Bxc6 22. g5 f5 23. O-O-O f4 24. Bf2 b5 25. c5 a5 26. Kb2 axb4 27. axb4 Qd7 28. cxd6 Rf7 29. Bc5 Qe6 30. Ra1 Rd8 31. Rhd1 Rfd7 32. Nxb5 Bxb5 33. Bxb5 Nxd6 34. Bxd7 Rxd7 35. Bxd6 Ne7 36. Ra8+ Ng8 37. Qd5 1-0

[Event "January 2 Early 2024"]
[Site "https://www.chess.com"]
[Date "2024.01.02"]
[Round "6"]
[White "Klymchuk, Andriy"]
[Black "Travadon, Loic"]
[Result "0-1"]
[Board "31"]
[TimeControl "180+1"]
[WhiteFideId "14140063"]
[BlackFideId "26092131"]
[WhiteElo "2897"]
[BlackElo "2285"]
[WhiteTeam "UKR"]
[BlackTeam "FRA"]
[WhiteClock "0:02:26"]
[BlackClock "0:01:56"]

1. e4 e5 2. Nf3 Nc6 3. Bb5 a6 4. Ba4 Nf6 5. Qe2 Qe7 6. c3 d6 7. O-O Bd7 8. Re1 g6 9. d4 Bg7 10. d5 Nd8 11. Bxd7+ Nxd7 12. c4 f5 13. Nc3 f4 14. h3 g5 15. b4 h5 16. Nh2 0-1

[Event "January 2 Early 2024"]
[Site "https://www.chess.com"]
[Date "2024.01.02"]
[Round "6"]
[White "Gajwa Ankit"]
[Black "Salem, A.R. Saleh"]
[Result "0-1"]
[Board "32"]
[TimeControl "180+1"]
[WhiteFideId "5077834"]
[BlackFideId "9301348"]
[WhiteElo "2373"]
[BlackElo "2986"]
[WhiteTeam "IND"]
[BlackTeam "UAE"]
[WhiteClock "0:00:13"]
[BlackClock "0:02:21"]

1. e4 e5 2. Nf3 Nc6 3. Bb5 a6 4. Ba4 Nf6 5. O-O Be7 6. Re1 b5 7. Bb3 O-O 8. a4 Bb7 9. d3 d6 10. Nbd2 Nb8 11. Nf1 Nbd7 12. c3 h6 13. Ng3 Re8 14. axb5 axb5 15. Rxa8 Bxa8 16. Nf5 Bf8 17. N3h4 Nc5 18. Ba2 d5 19. b4 Ne6 20. exd5 Nxd5 21. Qg4 Kh8 22. Rxe5 Nxc3 23. Bxe6 Rxe6 24. Rxe6 fxe6 25. Ng6+ Kh7 26. Ne5 Qf6 27. Nd7 Qxf5 28. Qxf5+ exf5 29. Nxf8+ Kg8 30. Bb2 Na4 31. Ne6 Nxb2 32. Nxc7 Bc6 33. d4 Kf7 34. d5 Bd7 35. Na6 Ke7 36. Nc5 Kd6 37. f4 Bc8 38. Kf2 Kxd5 39. h3 Kc4 0-1

[Event "January 2 Early 2024"]
[Site "https://www.chess.com"]
[Date "2024.01.02"]
[Round "6"]
[White "Dyachuk, Artem"]
[Black "Pap, Gyula"]
[Result "0-1"]
[Board "33"]
[TimeControl "180+1"]
[WhiteFideId "34107924"]
[BlackFideId "725323"]
[WhiteElo "2717"]
[BlackElo "2985"]
[WhiteTeam "UKR"]
[BlackTeam "HUN"]
[WhiteClock "0:00:06"]
[BlackClock "0:00:19"]

1. e4 Nc6 2. Nf3 d6 3. d4 Nf6 4. Nc3 g6 5. d5 Nb8 6. Be3 Bg7 7. Qd2 Ng4 8. Bf4 e5 9. dxe6 Bxe6 10. h3 Ne5 11. Nxe5 Bxe5 12. Bg5 Bf6 13. Bh6 c6 14. O-O-O Qa5 15. Qe3 Nd7 16. f4 O-O-O 17. a3 Nb6 18. Be2 Bxc3 19. Qxc3 Qxc3 20. bxc3 Rhe8 21. Bd3 f5 22. Rhe1 fxe4 23. Rxe4 Bf5 24. Rd4 c5 25. Bxf5+ gxf5 26. R4d3 Nc4 27. g4 Kc7 28. gxf5 Ne3 29. f6 Nxd1 30. f7 Rf8 31. Bxf8 Rxf8 32. Kxd1 Rxf7 33. Rf3 b5 34. Kd2 Kc6 35. Kd3 Kd5 36. Ke3 h5 37. Rg3 Kc4 38. Rg5 Kxc3 39. Rxh5 Kxc2 40. Rd5 Rf6 41. f5 a5 42. Kf4 b4 43. axb4 axb4 44. Kg5 Rf8 45. Rxd6 c4 46. f6 b3 47. Rb6 b2 48. Kg6 b1=Q 49. Rxb1 Kxb1 50. Kg7 Rc8 51. h4 c3 52. h5 c2 53. h6 c1=Q 54. h7 Qg5+ 55. Kf7 Rh8 56. Ke6 Rxh7 57. f7 0-1

[Event "January 2 Early 2024"]
[Site "https://www.chess.com"]
[Date "2024.01.02"]
[Round "6"]
[White "Arabidze, Meri"]
[Black "Drygalov, Andrey"]
[Result "1/2-1/2"]
[Board "34"]
[TimeControl "180+1"]
[WhiteFideId "13604040"]
[BlackFideId "24171735"]
[WhiteElo "2731"]
[BlackElo "2942"]
[WhiteTeam "GEO"]
[BlackTeam "RUS"]
[WhiteClock "0:00:06"]
[BlackClock "0:00:03"]

1. Nf3 d5 2. c4 c6 3. g3 Nf6 4. Bg2 g6 5. b3 Bg7 6. Bb2 O-O 7. O-O a5 8. d3 a4 9. b4 Re8 10. a3 Nbd7 11. Nc3 dxc4 12. dxc4 Nb6 13. Nd2 Be6 14. c5 Nc4 15. Nxc4 Bxc4 16. Qxd8 Rexd8 17. Rfd1 Nd7 18. Rd2 Ne5 19. Rxd8+ Rxd8 20. Nxa4 Bxe2 21. f4 Nf3+ 22. Kf2 Bxb2 23. Nxb2 Rd2 24. Bxf3 Bxf3+ 25. Kxf3 Rxb2 26. Rd1 Rb3+ 27. Kg2 Rxa3 28. Rd7 Ra2+ 29. Kh3 e6 30. Rxb7 Rb2 31. Rb6 Kg7 32. Rxc6 Rxb4 33. Kg4 Rb3 34. h4 h5+ 35. Kh3 Rc3 36. Rc7 Rc2 37. c6 Kf6 38. Rc8 Kf5 39. Rc7 f6 40. Rc8 e5 41. fxe5 fxe5 42. c7 Ke4 43. Rg8 Rxc7 44. Rxg6 Rh7 45. g4 Kd3 46. gxh5 e4 47. Kg4 e3 48. Re6 e2 49. Kg5 Rg7+ 50. Kf6 Rg4 51. Rxe2 Kxe2 52. h6 Rxh4 53. Kg7 Rf4 54. h7 Rg4+ 55. Kf7 Rf4+ 56. Kg7 Rg4+ 57. Kf7 Rh4 58. Kg7 Rg4+ 1/2-1/2

[Event "January 2 Early 2024"]
[Site "https://www.chess.com"]
[Date "2024.01.02"]
[Round "6"]
[White "NevorLegov"]
[Black "Harshavardhan G B"]
[Result "0-1"]
[Board "35"]
[TimeControl "180+1"]
[BlackFideId "25059009"]
[WhiteElo "2937"]
[BlackElo "2711"]
[BlackTeam "IND"]
[WhiteClock "0:00:15"]
[BlackClock "0:00:19"]

1. d4 Nf6 2. c4 e6 3. Nf3 Bb4+ 4. Bd2 a5 5. g3 b6 6. Bg2 Bb7 7. O-O O-O 8. Bg5 Be7 9. Qc2 Nc6 10. Nc3 h6 11. Bf4 d6 12. Rad1 Rc8 13. a3 Qe8 14. d5 Nd8 15. e4 e5 16. Be3 Nh7 17. h4 h5 18. Bh3 Kh8 19. Nd2 c5 20. Bxc8 Bxc8 21. f3 Rg8 22. Kf2 Qf8 23. Rh1 f5 24. exf5 Bxf5 25. Nde4 Nf7 26. Ke2 g5 27. hxg5 Nfxg5 28. Rdf1 Qf7 29. Qd2 Nxf3 30. Rxf3 Bg4 31. Rf1 Rf8 32. Kd1 Bxf3+ 33. Kc1 Qg6 34. Qc2 Bg4 35. Rxf8+ Bxf8 36. Qf2 Bf5 37. Nd2 Nf6 38. Nf3 Ng4 39. Nh4 Nxf2 40. Nxg6+ Bxg6 41. Bxf2 Kg7 42. Be3 Kf6 43. Na4 Kf5 44. Nxb6 Kg4 45. Bf2 Kf3 46. Be1 Ke2 47. Bxa5 Kf2 48. Bd2 Kxg3 49. a4 Be7 50. Nc8 Bd8 51. Nxd6 h4 52. Be1+ Kg4 53. Bxh4 Kxh4 54. Nb7 Bb6 55. a5 Ba7 56. d6 Bf5 57. b4 cxb4 58. c5 Bd7 59. Kb2 e4 60. Nd8 Bxc5 61. a6 e3 0-1

[Event "January 2 Early 2024"]
[Site "https://www.chess.com"]
[Date "2024.01.02"]
[Round "6"]
[White "Nazari, Arad"]
[Black "Baskakov, Egor"]
[Result "0-1"]
[Board "36"]
[TimeControl "180+1"]
[WhiteFideId "12577324"]
[BlackFideId "24197866"]
[WhiteElo "2710"]
[BlackElo "2934"]
[WhiteTeam "IRI"]
[BlackTeam "RUS"]
[WhiteClock "0:00:02"]
[BlackClock "0:01:12"]

1. e4 c5 2. Nf3 Nf6 3. e5 Nd5 4. Nc3 e6 5. Ne4 Nc6 6. g3 Qc7 7. c4 Nb6 8. d3 d6 9. exd6 Bxd6 10. Nxd6+ Qxd6 11. Bg2 O-O 12. O-O e5 13. Ng5 Bf5 14. Ne4 Qe7 15. Be3 Nd4 16. Bxd4 cxd4 17. Re1 Nd7 18. Qf3 Bg6 19. h4 h6 20. Rad1 Rae8 21. Qe2 b6 22. Nd2 f5 23. Bd5+ Bf7 24. Qf3 Qd6 25. Bxf7+ Rxf7 26. a3 a5 27. Rb1 a4 28. b4 axb3 29. Rxb3 Nc5 30. Rb5 e4 31. dxe4 fxe4 32. Qh5 Re5 33. Nxe4 Rxe4 34. Rxe4 Nxe4 35. Rd5 Qf6 36. f4 Nxg3 37. Rd8+ Qxd8 0-1

[Event "January 2 Early 2024"]
[Site "https://www.chess.com"]
[Date "2024.01.02"]
[Round "6"]
[White "Mindlin, Alon"]
[Black "Galchenko, Matvey"]
[Result "0-1"]
[Board "37"]
[TimeControl "180+1"]
[WhiteFideId "2800071"]
[BlackFideId "24175480"]
[WhiteElo "2698"]
[BlackElo "2901"]
[WhiteTeam "ISR"]
[BlackTeam "FID"]
[WhiteClock "0:00:19"]
[BlackClock "0:00:09"]

1. e4 e6 2. d4 d5 3. Nd2 a6 4. Ngf3 Nf6 5. Bd3 c5 6. c3 Nc6 7. O-O cxd4 8. cxd4 dxe4 9. Nxe4 Be7 10. Be3 O-O 11. a3 Nd5 12. Rc1 Bd7 13. Bb1 Rc8 14. Qd3 g6 15. Bh6 Re8 16. Rfd1 f5 17. Nc5 Bxc5 18. dxc5 Qf6 19. b4 Nce7 20. Ba2 Bb5 21. Qd4 Qxd4 22. Nxd4 Bd7 23. Re1 Nc6 24. Nxe6 Bxe6 25. Rxe6 Rxe6 26. Bxd5 Kf7 27. Bg5 Re8 28. Rd1 Kf8 29. Bxe6 Rxe6 30. Kf1 Ke8 31. f3 Re5 32. Kf2 a5 33. b5 Ne7 34. Bxe7 Kxe7 35. Re1 Ke6 36. Rc1 Kd7 37. a4 Kc7 38. c6 Rd5 39. cxb7+ Kxb7 40. Re1 Rd4 41. Re7+ Kb6 42. Rxh7 Rxa4 43. Rg7 Kxb5 44. Rxg6 f4 45. h4 Ra2+ 46. Kg1 Rc2 47. Rf6 a4 48. Rf5+ Rc5 49. Rxf4 a3 50. Rf8 a2 51. Ra8 Rc1+ 52. Kh2 a1=Q 53. Rxa1 Rxa1 54. Kg3 Kc6 55. Kg4 Kd6 56. Kg5 Ke7 57. Kg6 Kf8 58. g4 Rf1 59. g5 Kg8 60. h5 Rxf3 61. h6 Rf1 62. Kh5 Kf7 63. g6+ Kf6 64. g7 Kf7 65. Kg5 Rh1 0-1

[Event "January 2 Early 2024"]
[Site "https://www.chess.com"]
[Date "2024.01.02"]
[Round "6"]
[White "Piesik, Piotr"]
[Black "Zhigalko, Sergei"]
[Result "0-1"]
[Board "38"]
[TimeControl "180+1"]
[WhiteFideId "1136194"]
[BlackFideId "13502956"]
[WhiteElo "2664"]
[BlackElo "2901"]
[WhiteTeam "CZE"]
[BlackTeam "BLR"]
[WhiteClock "0:01:37"]
[BlackClock "0:01:33"]

1. Nf3 d5 2. g3 c6 3. Bg2 Bg4 4. O-O Nd7 5. c4 e6 6. cxd5 exd5 7. d3 Ngf6 8. Qb3 Nc5 9. Qc2 Be7 10. b4 Ne6 11. a3 Bxf3 12. exf3 a5 13. bxa5 Qxa5 14. Bb2 O-O 15. f4 Qa4 16. Qd2 Nc5 17. Nc3 Qa6 18. Qe2 Rfe8 19. Rad1 Nb3 20. Qc2 Nd4 21. Qb1 Bxa3 22. Ba1 Bc5 23. Kh1 h5 24. h3 Re7 25. Rfe1 Rae8 26. Rxe7 Rxe7 27. Qa2 Qxa2 28. Nxa2 Re2 29. Nc3 Rxf2 30. Na4 Ba7 0-1

[Event "January 2 Early 2024"]
[Site "https://www.chess.com"]
[Date "2024.01.02"]
[Round "6"]
[White "Kuzhylnyi, Oleksandr"]
[Black "Kukhmazov, Arsen"]
[Result "0-1"]
[Board "39"]
[TimeControl "180+1"]
[WhiteFideId "34110500"]
[BlackFideId "24108260"]
[WhiteElo "2669"]
[BlackElo "2872"]
[WhiteTeam "UKR"]
[BlackTeam "FID"]
[WhiteClock "0:00:28"]
[BlackClock "0:00:10"]

1. e4 c6 2. d4 d5 3. exd5 cxd5 4. Bd3 Nc6 5. c3 Qc7 6. h3 Nf6 7. Nf3 g6 8. O-O Bf5 9. Be2 Bg7 10. Re1 Ne4 11. Be3 h6 12. Nbd2 g5 13. Nxe4 Bxe4 14. Bd3 f5 15. Nh2 O-O 16. f3 Bxd3 17. Qxd3 Rad8 18. Nf1 e5 19. dxe5 Nxe5 20. Qb5 Qc6 21. Qxc6 Nxc6 22. Bc5 Rfe8 23. Ne3 d4 24. Nxf5 dxc3 25. bxc3 Bxc3 26. Rxe8+ Rxe8 27. Rc1 Bg7 28. Nxg7 Kxg7 29. Rd1 b6 30. Rd7+ Kf6 31. Bf2 Re6 32. Kf1 h5 33. h4 gxh4 34. Bxh4+ Kg6 35. Bg3 a5 36. Bc7 Nb4 37. a4 Na6 38. Rd6 Nxc7 39. Rd7 Rc6 40. Kf2 Ne6 41. Kg3 Nc5 42. Rd4 Re6 43. Kh4 Rf6 44. Rc4 Ne6 45. g4 hxg4 46. Kxg4 Nc5 47. f4 Kf7 48. Rd4 Ke6 49. Kf3 Rf8 50. Kg4 Rg8+ 51. Kf3 Rh8 52. Kg4 Rg8+ 53. Kf3 Rg1 54. Rd8 Nxa4 55. Re8+ Kf7 56. Rb8 Rb1 57. Ke4 Nc5+ 58. Kf5 a4 59. Ra8 b5 60. Ra7+ Ke8 61. Kf6 b4 62. Ra5 Rc1 63. f5 b3 0-1

[Event "January 2 Early 2024"]
[Site "https://www.chess.com"]
[Date "2024.01.02"]
[Round "6"]
[White "Mekhitarian, Krikor Sevag"]
[Black "Hansen, Sune Berg"]
[Result "0-1"]
[Board "40"]
[TimeControl "180+1"]
[WhiteFideId "2107660"]
[BlackFideId "1400266"]
[WhiteElo "2852"]
[BlackElo "2659"]
[WhiteTeam "BRA"]
[BlackTeam "DEN"]
[WhiteClock "0:00:00"]
[BlackClock "0:00:12"]

1. Nf3 Nf6 2. c4 g6 3. Nc3 Bg7 4. e4 d6 5. d4 Nbd7 6. h3 e5 7. Be3 exd4 8. Bxd4 O-O 9. Bd3 Re8 10. O-O c6 11. Re1 Ne5 12. Nxe5 dxe5 13. Be3 Nh5 14. c5 Nf4 15. Bf1 Be6 16. Kh2 Qc7 17. g3 Nh5 18. b4 Rad8 19. Qc2 f5 20. Bg5 Rd4 21. exf5 gxf5 22. a3 e4 23. Rad1 f4 24. Nxe4 fxg3+ 25. Nxg3 Rxd1 26. Qxd1 Nxg3 27. fxg3 Be5 28. Qf3 Bd5 29. Qg4 Bxg3+ 30. Qxg3 Qxg3+ 31. Kxg3 Rxe1 32. Kf2 Ra1 33. h4 Ra2+ 34. Ke3 Rxa3+ 35. Kd4 Rb3 36. Bd2 Rb2 37. Kc3 Rb3+ 38. Kd4 Rf3 39. Bd3 Rh3 40. Bg5 h6 41. Bd8 Kf7 42. b5 Ke8 43. Bf6 Rf3 44. Be5 Kd7 45. b6 axb6 46. cxb6 Be6 47. Be4 Rh3 48. Bf6 Bg4 49. Kc5 Be6 50. Kd4 Rb3 51. Bg7 h5 52. Ke5 Rxb6 53. Bg6 Rb4 54. Bf6 Rb5+ 55. Kd4 Kd6 56. Bg7 Rb4+ 57. Ke3 Rxh4 58. Bf8+ Kd7 59. Bh6 Rh3+ 60. Kd4 h4 61. Bf4 b5 62. Kc5 Rg3 63. Be4 Rc3+ 64. Kd4 Rc4+ 65. Ke5 h3 66. Bd3 Rxf4 67. Kxf4 b4 68. Be4 b3 0-1

[Event "January 2 Early 2024"]
[Site "https://www.chess.com"]
[Date "2024.01.02"]
[Round "6"]
[White "Bartel, Michal"]
[Black "Materia, Marco"]
[Result "0-1"]
[Board "41"]
[TimeControl "180+1"]
[WhiteFideId "1119257"]
[BlackFideId "45150451"]
[WhiteElo "2655"]
[BlackElo "2835"]
[WhiteTeam "POL"]
[BlackTeam "FRA"]
[WhiteClock "0:00:00"]
[BlackClock "0:00:50"]

1. e4 c5 2. Ne2 Nc6 3. g3 Nf6 4. Bg2 g6 5. c3 d5 6. exd5 Nxd5 7. d4 Nf6 8. d5 Ne5 9. f4 Ned7 10. c4 Bg7 11. Nbc3 O-O 12. O-O Nb6 13. b3 e6 14. dxe6 fxe6 15. Be3 Qe7 16. Qc2 e5 17. Rae1 Bf5 18. Qc1 e4 19. h3 h5 20. Rd1 Rfd8 21. Rxd8+ Rxd8 22. Rd1 Rd3 23. Kh2 h4 24. Bf2 hxg3+ 25. Bxg3 Qe6 26. Rxd3 exd3 27. Ng1 Nh5 28. Nd5 Nxg3 29. Kxg3 Nc8 30. Qe3 Nd6 31. Qxe6+ Bxe6 32. Kf2 Bd4+ 33. Kf1 d2 34. Bf3 Ne4 35. Bd1 Bxd5 36. cxd5 Bxg1 37. Kxg1 Nc3 38. Bc2 d1=Q+ 39. Bxd1 Nxd1 40. Kg2 Ne3+ 0-1

[Event "January 2 Early 2024"]
[Site "https://www.chess.com"]
[Date "2024.01.02"]
[Round "6"]
[White "Jia, Haoxiang"]
[Black "Pakleza, Zbigniew"]
[Result "0-1"]
[Board "42"]
[TimeControl "180+1"]
[WhiteFideId "8602999"]
[BlackFideId "1119290"]
[WhiteElo "2650"]
[BlackElo "2817"]
[WhiteTeam "CHN"]
[BlackTeam "POL"]
[WhiteClock "0:00:13"]
[BlackClock "0:00:08"]

1. d4 d6 2. Nf3 Bg4 3. c4 c6 4. Qb3 Qb6 5. Nc3 Nd7 6. Qxb6 axb6 7. e3 e6 8. Be2 d5 9. h3 Bh5 10. cxd5 exd5 11. Ne5 Bxe2 12. Kxe2 Ngf6 13. Bd2 Bd6 14. f4 b5 15. a3 Nb6 16. g4 Ne4 17. Nxe4 dxe4 18. g5 Nd5 19. h4 Ke7 20. h5 f6 21. gxf6+ gxf6 22. Ng4 f5 23. Ne5 Rhg8 24. Rhg1 Nf6 25. h6 Rxg1 26. Rxg1 Rg8 27. Rg7+ Rxg7 28. hxg7 Ng8 29. Bb4 Bxb4 30. axb4 Kf6 31. Nd7+ Kxg7 32. Nc5 Ne7 33. Nxb7 Nd5 34. Nd8 Nxb4 35. b3 Kf6 36. Kf2 Ke7 37. Nb7 Na6 38. Kg3 Nb4 39. Nc5 Nd5 40. Kf2 h5 41. Na6 h4 42. Nc5 h3 43. Kg3 Nxe3 44. Kxh3 Nc2 45. Kh4 Nxd4 46. Kg5 e3 47. Nd3 e2 48. b4 Ke6 49. Kg6 Kd5 50. Ne1 Ke4 51. Kf6 Kxf4 52. Ke7 Ke3 53. Kd6 f4 54. Kc5 f3 55. Kb6 f2 56. Ng2+ Ke4 57. Kc5 f1=Q 58. Ne1 Qxe1 59. Kb6 Qxb4 60. Ka6 c5 61. Kb7 c4 0-1

[Event "January 2 Early 2024"]
[Site "https://www.chess.com"]
[Date "2024.01.02"]
[Round "6"]
[White "Bordi, Kevin"]
[Black "Papasimakopoulos, Alexandros"]
[Result "0-1"]
[Board "43"]
[TimeControl "180+1"]
[WhiteFideId "621862"]
[BlackFideId "4244125"]
[WhiteElo "2808"]
[BlackElo "2643"]
[WhiteTeam "MNC"]
[BlackTeam "GRE"]
[WhiteClock "0:00:06"]
[BlackClock "0:00:48"]

1. d4 d5 2. Bf4 c5 3. e3 Nc6 4. c3 Qb6 5. Qb3 c4 6. Qxb6 axb6 7. Na3 Bf5 8. Nb5 Ra5 9. a4 Nf6 10. Be2 e6 11. Nf3 Be7 12. Bc7 Nd7 13. Bd6 Bc2 14. Bd1 Bxd1 15. Kxd1 Bxd6 16. Nxd6+ Ke7 17. Nb5 Rha8 18. Kc2 Rxa4 19. Rxa4 Rxa4 20. Re1 f5 21. Nd2 Ra5 22. Na3 b5 23. f3 b4 24. Nab1 bxc3 25. bxc3 Ra2+ 26. Kd1 b5 27. e4 fxe4 28. fxe4 Kd6 29. Re2 Ra1 30. Kc2 b4 31. Kb2 Ra8 32. Rf2 Nb6 33. Rf7 bxc3+ 34. Nxc3 Nxd4 35. exd5 exd5 36. Rxg7 Rf8 37. Nd1 Na4+ 38. Ka3 Ra8 39. Kb4 Nc6+ 40. Kb5 c3 41. Nb3 c2 42. Ne3 Nc3+ 43. Kb6 Rb8+ 44. Rb7 Na4+ 45. Ka6 Nc5+ 46. Nxc5 c1=Q 47. Rd7+ Kxc5 48. Rxd5+ Kb4 0-1

[Event "January 2 Early 2024"]
[Site "https://www.chess.com"]
[Date "2024.01.02"]
[Round "6"]
[White "Vakhlamov, Igor L."]
[Black "Sipila, Vilka"]
[Result "0-1"]
[Board "44"]
[TimeControl "180+1"]
[WhiteFideId "24126748"]
[BlackFideId "505455"]
[WhiteElo "2806"]
[BlackElo "2643"]
[WhiteTeam "RUS"]
[BlackTeam "FIN"]
[WhiteClock "0:00:08"]
[BlackClock "0:00:10"]

1. e4 c5 2. Nf3 e6 3. Nc3 Nc6 4. d4 cxd4 5. Nxd4 Nf6 6. Bf4 Bb4 7. Nb5 Nxe4 8. Qf3 d5 9. Nc7+ Kf8 10. O-O-O Bxc3 11. bxc3 Qe7 12. c4 Qf6 13. c3 g5 14. Bd6+ Kg7 15. cxd5 exd5 16. Qxf6+ Kxf6 17. Nxd5+ Kg7 18. Nc7 Nxf2 19. Re1 Nxh1 20. Nxa8 Nf2 21. h3 Bf5 22. Nc7 Rd8 23. Ne8+ Kg6 24. g4 Bd3 25. Bc5 Bxf1 26. Bxf2 Bxh3 27. Nc7 Bxg4 28. Rg1 h5 29. Nb5 a6 30. Na3 b5 31. Nc2 Ne5 32. Bd4 Nf3 33. Rg2 f5 34. Bb6 Rc8 35. Kb2 f4 36. Nb4 Ne5 37. Nd5 Nc4+ 38. Kb3 Nxb6 39. Nxb6 Rc6 40. Nd5 Be6 41. c4 bxc4+ 42. Kc3 Bxd5 43. Rd2 Be6 44. Rd6 Rxd6 45. a4 f3 46. Kb4 Rd5 47. Kc3 f2 48. Kb4 f1=Q 49. Kc3 Qd3+ 50. Kb4 Qb3# 0-1

[Event "January 2 Early 2024"]
[Site "https://www.chess.com"]
[Date "2024.01.02"]
[Round "6"]
[White "Bartel, Mateusz"]
[Black "Ismagilov, Damir"]
[Result "1-0"]
[Board "45"]
[TimeControl "180+1"]
[WhiteFideId "1112635"]
[BlackFideId "34199982"]
[WhiteElo "2803"]
[BlackElo "2576"]
[WhiteTeam "POL"]
[BlackTeam "RUS"]
[WhiteClock "0:00:12"]
[BlackClock "0:00:02"]

1. e4 g6 2. d4 Bg7 3. Nc3 d5 4. Nxd5 c6 5. Ne3 Qxd4 6. Qxd4 Bxd4 7. Nf3 Bg7 8. a4 Nf6 9. Bd3 Nbd7 10. e5 Nd5 11. Nxd5 cxd5 12. Bf4 Nc5 13. b4 Nxd3+ 14. cxd3 Bd7 15. Kd2 Rc8 16. b5 e6 17. Be3 a6 18. bxa6 bxa6 19. a5 O-O 20. Rhc1 f6 21. Rxc8 Rxc8 22. Bd4 f5 23. Rc1 Bh6+ 24. Be3 Rxc1 25. Kxc1 f4 26. Bc5 g5 27. h3 Bg7 28. Bd6 h6 29. Kd2 Kf7 30. Kc3 Kg6 31. g4 fxg3 32. fxg3 Bb5 33. g4 h5 34. Nd4 Bd7 35. Kd2 hxg4 36. hxg4 Kf7 37. Nb3 Bb5 38. Nc5 Bh6 39. Nb3 Bg7 40. Nd4 Ba4 41. Nf3 Kg6 42. Bc5 Bc6 43. Bd6 Ba4 44. Be7 Bh6 45. Nd4 Kf7 46. Bd6 Kg6 47. Nxe6 Bd7 48. Nc5 Bxg4 49. Nxa6 Bc8 50. Nc5 g4+ 51. Ke2 g3 52. Kf3 Bf4 53. a6 Bg4+ 54. Kg2 Be3 55. a7 Bxc5 56. Bxc5 Bc8 57. a8=Q Bb7 58. Qxb7 d4 59. Qe4+ 1-0